 Dungeon Crawl Stone Soup version 0.32-a0-576-g706899e69d (webtiles) character file.

Game seed: 2873955968243284203

44902 Dittersdorf the Blocker (level 14, -14/95 HPs)
             Began as a Gargoyle Fighter on Mar 1, 2024.
             Was an Initiate of Gozag.
             Demolished by a snapping turtle (19 damage)
             ... on level 5 of the Lair of Beasts.
             The game lasted 00:22:42 (17624 turns).

Dittersdorf the Blocker (Gargoyle Fighter)         Turns: 17624, Time: 00:22:42

Health: -14/95     AC: 35    Str: 25    XL:     14   Next: 30%
Magic:  14/14      EV: 12    Int: 13    God:    Gozag
Gold:   2594       SH: 17    Dex: 12    Spells: 13/13 levels left

rFire   . . .        q - +7 whip "Nautyrghus" {freeze, Dex+3 Stlth+}
rCold   . . .        b - +0 kite shield
rNeg    + . .        J - +4 plate armour "Earthly Heaven" {rCorr Int+4 Stlth+}
rPois   ∞            a - +0 helmet
rElec   +            z - +0 cloak
rCorr   +            f - +0 pair of gloves
SInv    +            (no boots)
Will    +....        t - amulet of reflection Stlth
                     e - +5 ring of evasion
HPRegen 0.35/turn    G - ring of see invisible
MPRegen 0.14/turn

%: reflection
@: flying
A: sickness immunity, AC +10, big wings, negative energy resistance 1,
electricity resistance, torment resistance 1, petrification resistance
a: Renounce Religion, Potion Petition, Call Merchant, Bribe Branch


You were on level 5 of the Lair of Beasts.
You worshipped Gozag.
Gozag was most pleased with you.
You visited 3 branches of the dungeon, and saw 16 of its levels.
You also visited: Volcano.

You collected 3759 gold pieces.
You spent 1062 gold pieces at shops.
You paid 103 gold pieces to Gozag.

Inventory:

Hand Weapons
 q - the +7 whip "Nautyrghus" (weapon) {freeze, Dex+3 Stlth+}
   (You bought it in a shop on level 3 of the Dungeon)

   Dex+3:     It affects your dexterity (+3).
   Stlth+:    It makes you more stealthy.
 H - a +3 flail
 I - a +0 morningstar
Missiles
 D - 4 throwing nets
Armour
 a - a +0 helmet (worn)
 b - a +0 kite shield (worn)
 f - a +0 pair of gloves (worn)
 z - a +0 cloak (worn)
 J - the +4 plate armour "Earthly Heaven" (worn) {rCorr Int+4 Stlth+}
   (You bought it in a shop on level 10 of the Dungeon)

   Int+4:     It affects your intelligence (+4).
   rCorr:     It protects you from acid and corrosion.
   Stlth+:    It makes you more stealthy.
Jewellery
 e - a +5 ring of evasion (left hand)
 t - an amulet of reflection (around neck)
 G - a ring of see invisible (right hand)
Wands
 A - a wand of mindburst (20) (quivered)
 E - a wand of light (13)
Scrolls
 g - 2 scrolls of fog
 h - 7 scrolls of teleportation
 j - 4 scrolls of revelation
 l - a scroll of fear
 C - 3 scrolls of enchant armour
 L - 2 scrolls of silence
Potions
 c - 3 potions of brilliance
 d - 2 potions of might
 k - 4 potions of curing
 n - a potion of cancellation
 r - 4 potions of haste
 s - 2 potions of magic
 u - 3 potions of enlightenment
 w - a potion of invisibility {unknown}
 x - 4 potions of mutation
 F - 2 potions of heal wounds
Miscellaneous
 m - a sack of spiders


   Skills:
 + Level 13.8 Fighting
 + Level 12.6 Maces & Flails
 + Level 13.9 Armour
 + Level 13.9 Shields


You had 13 spell levels left.
You didn't know any spells.
Your spell library contained the following spells:

 Spells                   Type           Power      Damage    Failure   Level
 Foxfire                  Conj/Fire      0%         2x1d4     98%         1
 Freeze                   Ice            0%         1d3       98%         1
 Magic Dart               Conj           0%         1d3       98%         1
 Slow                     Hex            0%         N/A       98%         1
 Blink                    Tloc           0%         N/A       99%         2
 Call Imp                 Summ           0%         N/A       99%         2
 Ensorcelled Hibernation  Hex/Ice        0%         N/A       99%         2
 Lesser Beckoning         Tloc           0%         N/A       99%         2
 Momentum Strike          Conj/Tloc      0%         3d8       99%         2
 Confusing Touch          Hex            0%         N/A       100%        3
 Frozen Ramparts          Ice            0%         1d1       100%        3
 Hailstorm                Conj/Ice       0%         3d5       100%        3
 Ozocubu's Armour         Ice            0%         N/A       100%        3
 Passwall                 Erth           0%         N/A       100%        3
 Sigil of Binding         Hex            0%         N/A       100%        3
 Summon Ice Beast         Ice/Summ       0%         N/A       100%        3
 Swiftness                Air            0%         N/A       100%        3
 Vampiric Draining        Necr           0%         2d6       100%        3
 Anguish                  Hex/Necr       0%         N/A       100%        4
 Cause Fear               Hex            0%         N/A       100%        4
 Petrify                  Alch/Erth      0%         N/A       100%        4
 Fireball                 Conj/Fire      0%         3d3       100%        5
 Irradiate                Conj/Alch      0%         3d11      100%        5
 Metabolic Englaciation   Hex/Ice        0%         N/A       100%        5
 Plasma Beam              Fire/Air       0%         2x1d10    100%        6
 Sculpt Simulacrum        Ice/Alch       0%         N/A       100%        6
 Starburst                Conj/Fire      0%         6d3       100%        6
 Enfeeble                 Hex            0%         N/A       100%        7
 Dragon's Call            Summ           0%         N/A       100%        9
 Sublimation of Blood     Necr           Unusable   N/A       N/A         2

Dungeon Overview and Level Annotations

Branches:
Dungeon (10/15)            Temple (1/1) D:5            Lair (5/5) D:9
  Swamp (0/4) Lair:2       Spider (0/4) Lair:3        Slime (0/5) Lair:4
Volcano (visited)
    Orc: D:9-12

Altars:
Ashenzari
Cheibriados
Dithmenos
Elyvilon
Fedhas
Gozag
Hepliaklqana
Kikubaaqudgha
Makhleb
Nemelex Xobeh
Okawaru
Qazlal
Ru
Sif Muna
Trog
Uskayaw
Vehumet
Wu Jian
Xom
Yredelemnul
Zin
The Shining One

Shops:
D:3 *   D:8 *(   D:10 [


Innate Abilities, Weirdness & Mutations

You are immune to sickness and miasma.
Your stone body is resilient. (AC +10)
You are immune to poison.
Your large and strong wings let you fly.
You resist negative energy. (rN+)
You are resistant to electric shocks. (rElec)
You are resistant to unholy torment.
You are immune to petrification.


Message History

You barely miss the snapping turtle. The snapping turtle misses you.
You hit the snapping turtle. You freeze the snapping turtle.
The snapping turtle is lightly wounded.
You hit the snapping turtle.
The snapping turtle seems to slow down.
You freeze the snapping turtle.
The snapping turtle is lightly wounded.
You block the snapping turtle's attack.
You hit the snapping turtle. You freeze the snapping turtle.
The snapping turtle is lightly wounded.
You hit the snapping turtle but do no damage.
The snapping turtle is lightly wounded.
You hit the snapping turtle. You freeze the snapping turtle.
The snapping turtle is lightly wounded.
You block the snapping turtle's attack.
You barely miss the snapping turtle.
The snapping turtle is lightly wounded.
You barely miss the snapping turtle.
The snapping turtle is lightly wounded.
You hit the snapping turtle.
The snapping turtle seems to slow down.
You freeze the snapping turtle.
The snapping turtle is moderately wounded.
You hit the snapping turtle but do no damage.
The snapping turtle is moderately wounded.
The blink frog hits you but does no damage.
The snapping turtle bites you!
* * * LOW HITPOINT WARNING * * *
You hit the snapping turtle but do no damage.
The snapping turtle is moderately wounded.
The blink frog closely misses you.
You hit the snapping turtle but do no damage.
The snapping turtle is moderately wounded.
You barely miss the blink frog.
The blink frog is heavily wounded.
The blink frog hits you!
* * * LOW HITPOINT WARNING * * *
You barely miss the snapping turtle.
The snapping turtle is moderately wounded.
The blink frog closely misses you. The snapping turtle bites you!!
You die...
Your body crumbles into a pile of gold.

###.###.######..........
#..##...###...........
##.#.#...##............
#......................
##.....................
#......................
#P.#...P§..#...........
##.##F######.#.........
# ##@...####.........
#.t...##..........
#.................
#.....#...........
#.......P.........
#.....###.........
##...## #......... #.#
#..## ##.........
P....#..####..........


You could see a snapping turtle (slow) and a blink frog.

Vanquished Creatures
  An eleionoma (Lair:2)
  The ghost of Dittersdorf the Warrior, a journeyman GrFi of Gozag (Lair:2)
  Harold (D:10)
  5 hydras
  A catoblepas (Lair:5)
  2 boulder beetles (Lair:3)
  2 two-headed ogres
  3 skysharks
  2 sea snakes (Lair:5)
  A harpy (Lair:5)
  An orc sorcerer (Volcano)
  2 wolf spiders (Lair:1)
  A manticore (Lair:5)
  An ugly thing (Volcano)
  6 black mambas
  An ice statue (Lair:2)
  A smoke demon (Volcano)
  A torpor snail (Lair:3)
  Jeremiah (Lair:1)
  10 cane toads
  An elephant (Lair:5)
  2 rime drakes
  2 kobold demonologists (D:10)
  14 komodo dragons
  Psyche (D:9)
  2 hornets
  A polar bear (Lair:1)
  Prince Ribbit (D:8)
  9 blink frogs
  16 dream sheep
  4 culicivoras (Lair:3)
  3 wyverns
  A wraith (D:9)
  2 redbacks (Lair:3)
  5 steam dragons
  28 yaks
  A basilisk (Lair:2)
  5 vampire mosquitoes
  14 water moccasins
  3 hell hounds (Volcano)
  7 orc warriors
  4 black bears
  An ice beast (D:5)
  2 sky beasts
  23 wolves
  2 centaurs
  2 kobold brigands
  16 bullfrogs
  4 scorpions
  4 wights (D:9)
  20 killer bees
  2 howler monkeys
  2 hounds (D:6)
  2 jellies
  8 orc priests
  Crazy Yiuf (D:4)
  11 orc wizards
  5 hell rats (Lair:1)
  2 sleepcaps
  Robin (D:1)
  13 adders
  8 gnolls
  6 white imps
  2 ufetubi (D:7)
  A ribbon worm (D:2)
  36 orcs
  6 bats
  7 endoplasms
  2 giant cockroaches
  9 goblins
  10 hobgoblins
  17 kobolds
  6 quokkas
  10 ball pythons
  2 frilled lizards
  3 rats
416 creatures vanquished.

Vanquished Creatures (others)
  A cane toad (Lair:2)
  A komodo dragon (Lair:2)
  An orc (D:9)
3 creatures vanquished.

Grand Total: 419 creatures vanquished

Notes
Turn   | Place    | Note
-------+----------+-------------------------------------------
     0 | D:1      | Dittersdorf the Gargoyle Fighter began the quest for the
                  | Orb.
     0 | D:1      | Reached XP level 1. HP: 14/14 MP: 1/1
    59 | D:1      | Reached XP level 2. HP: 9/19 MP: 2/2
   275 | D:1      | Found a faded altar of an unknown god.
   502 | D:1      | Reached XP level 3. HP: 19/23 MP: 3/3
   800 | D:2      | Noticed Robin
   880 | D:1      | Killed Robin
   966 | D:2      | Reached XP level 4. HP: 28/29 MP: 4/4
  1127 | D:2      | Reached XP level 5. HP: 32/33 MP: 5/5
  1808 | D:3      | Found Vagrikko's Assorted Antiques.
  1825 | D:3      | Bought an iridescent whip for 127 gold pieces
  1825 | D:3      | Identified the +7 whip "Nautyrghus" {freeze, Dex+3 Stlth+}
                  | (You bought it in a shop on level 3 of the Dungeon)
  1848 | D:3      | Found a faded altar of an unknown god.
  1852 | D:3      | Found an ornate altar of the Wu Jian Council.
  1930 | D:3      | Identified the +11 quarterstaff "Qamaixuh" {holy, rC-
                  | Will++ Dex+3 Stlth+}
  2055 | D:3      | Found an iron altar of Okawaru.
  2677 | D:3      | Found Vagrikko's Assorted Antiques.
  2711 | D:3      | Found a faded altar of an unknown god.
  2720 | D:3      | Found an ornate altar of the Wu Jian Council.
  2905 | D:3      | Found an iron altar of Okawaru.
  3444 | D:4      | Reached XP level 6. HP: 29/39 MP: 6/6
  3775 | D:4      | Noticed a sky beast
  3787 | D:4      | Killed a sky beast
  3788 | D:4      | Reached skill level 5 in Armour
  3831 | D:4      | Reached skill level 5 in Fighting
  3831 | D:4      | Reached skill level 5 in Shields
  3831 | D:4      | Reached XP level 7. HP: 38/44 MP: 7/7
  4201 | D:4      | Found a snail-covered altar of Cheibriados.
  4309 | D:4      | Found a runed translucent door.
  4310 | D:4      | Noticed Crazy Yiuf
  4315 | D:4      | Killed Crazy Yiuf
  4391 | D:5      | Entered Level 5 of the Dungeon
  4460 | D:5      | Found a bloodstained altar of Trog.
  4577 | D:5      | Found a staircase to the Ecumenical Temple.
  4592 | Temple   | Entered the Ecumenical Temple
  4614 | Temple   | Became a worshipper of Gozag Ym Sagoz the Greedy
  5061 | D:5      | Reached XP level 8. HP: 40/51 MP: 8/8
  5679 | D:6      | Reached skill level 5 in Maces & Flails
  6625 | D:7      | Found a sparkling altar of Nemelex Xobeh.
  6964 | D:8      | Reached XP level 9. HP: 52/56 MP: 9/9
  7070 | D:8      | Noticed Prince Ribbit
  7101 | D:8      | Killed Prince Ribbit
  7298 | D:8      | Noticed a two-headed ogre
  7307 | D:8      | Killed a two-headed ogre
  7369 | D:8      | Found a glowing golden altar of the Shining One.
  7369 | D:8      | Found a broken altar of Ashenzari.
  7434 | D:8      | Found Bauzaerphau's Assorted Antiques.
  7501 | D:8      | Found Rebbateph's Antique Weapon Boutique.
  8052 | D:8      | Found Rebbateph's Antique Weapon Boutique.
  8088 | D:8      | Found Bauzaerphau's Assorted Antiques.
  8170 | D:8      | Found a glowing golden altar of the Shining One.
  8170 | D:8      | Found a broken altar of Ashenzari.
  8686 | D:9      | Reached XP level 10. HP: 36/64 MP: 10/10
  8812 | D:9      | Noticed Psyche
  8845 | D:9      | Killed Psyche
  9147 | D:9      | Found a staircase to the Lair.
 10354 | D:10     | Entered Level 10 of the Dungeon
 10428 | D:10     | Found Rygec's Armour Shoppe.
 10432 | D:10     | Bought the +4 plate armour "Earthly Heaven" {rCorr Int+4
                  | Stlth+} for 935 gold pieces
 10455 | D:10     | Noticed a two-headed ogre
 10481 | D:9      | Killed a two-headed ogre
 10482 | D:9      | Reached XP level 11. HP: 63/72 MP: 11/11
 10557 | D:10     | Noticed Harold
 10577 | D:10     | Killed Harold
 10582 | D:10     | Reached skill level 10 in Shields
 10587 | D:10     | Reached skill level 10 in Fighting
 10587 | D:10     | Reached skill level 10 in Armour
 10981 | Lair:1   | Entered Level 1 of the Lair of Beasts
 10997 | Lair:1   | Noticed a wolf spider
 10997 | Lair:1   | Noticed a wolf spider
 11011 | Lair:1   | Killed a wolf spider
 11023 | Lair:1   | Killed a wolf spider
 11134 | Lair:1   | You fall into a shaft and drop 1 floor!
 11154 | Lair:2   | Noticed an eleionoma
 11274 | Lair:1   | Found a dark tunnel.
 11281 | Volcano  | Entered a volcano
 11372 | Volcano  | Noticed an orc sorcerer
 11385 | Volcano  | Killed an orc sorcerer
 11492 | Volcano  | Noticed a red ugly thing
 11511 | Volcano  | Killed a red ugly thing
 11530 | Volcano  | Reached XP level 12. HP: 19/79 MP: 12/12
 11951 | Lair:1   | Reached skill level 10 in Maces & Flails
 12109 | Lair:1   | Noticed Jeremiah
 12131 | Lair:1   | Killed Jeremiah
 12880 | Lair:2   | Killed an eleionoma
 12884 | Lair:2   | Found a staircase to the Swamp.
 13108 | Lair:2   | Noticed Dittersdorf's ghost (journeyman GrFi)
 13197 | Lair:2   | Found a transporter.
 13200 | Lair:2   | Found a transporter.
 13576 | Lair:2   | Noticed a seven-headed hydra
 13589 | Lair:2   | Killed a seven-headed hydra
 13828 | Lair:2   | Killed Dittersdorf's ghost
 14077 | Lair:3   | Reached XP level 13. HP: 86/86 MP: 13/13
 14519 | Lair:3   | Found a hole to the Spider Nest.
 16035 | Lair:4   | Found a staircase to the Slime Pits.
 16335 | Lair:4   | Found a bloodstained altar of Trog.
 16770 | Lair:5   | Entered Level 5 of the Lair of Beasts
 16993 | Lair:5   | Gained mutation: Your large and strong wings let you fly.
                  | [Gargoyle growth]
 16993 | Lair:5   | Reached XP level 14. HP: 49/94 MP: 14/14
 17624 | Lair:5   | Demolished by a snapping turtle

Illustrated notes

Levels and vault maps discovered:
D:1:      giann_forest_graveyard, layout_rooms,
          dreamdust_ecumenical_altar_grove, amcnicky_mini_rare_corridor_liquid,
          minivault_27, nicolae_houndstooth_variations
D:2:      layout_basic, minmay_hexomino_r4, uniq_robin
D:3:      layout_basic, okawaru_metal_pillars_1_2,
          nicolae_overflow_ecumenical_swirl, serial_shops, shop
D:4:      layout_loops_ring, lemuel_round_altar, serial_demonic,
          serial_demonic_c, serial_demonic_g, serial_demonic_c,
          serial_demonic_b, minmay_pentangle, uniq_crazy_yiuf_cottage
D:5:      layout_gridville, trog_three_pillars_becter,
          minmay_temple_entry_proselytizer, serial_library_hellmonk_metal_room
D:6:      layout_loops_cross
D:7:      layout_basic, nemelex_diamond_rough_becter
D:8:      layout_loops_ring, mainiacjoe_overflow_divided_tiny, serial_shops,
          shop, kennysheep_windowed_goal, uniq_prince_ribbit1
D:9:      layout_basic, due_lair_maze_entry_diamond, uniq_psyche
D:10:     nicolae_BIG_FREAKIN_CUBE, layout_rooms, serial_shops, shop,
          uniq_harold
Temple:   eino_wide_crystal_templ
Lair:1:   layout_hall_layers, nicolae_volcano_entry_hallway,
          nicolae_lair_run_with_the_wolves, uniq_jeremiah
Lair:2:   layout_concentric_octagons, alex1729_swamp_entry_worm_eleionoma,
          nzn_ghost_randoct
Lair:3:   layout_roguey, nicolae_spider_entry_tight_spaces, roderic_carrion_pond
Lair:4:   layout_cave_pods, slime_entry_1, basic_altar, grunt_megastairs_3,
          serial_bayou_shore_b
Lair:5:   gammafunk_lair_ancient_temple, layout_regular_city

Skill      XL: |  1  2  3  4  5  6  7  8  9 10 11 12 13 |
---------------+----------------------------------------+-----
Armour         | 4 5 6 8 9 10 12 13 | 13.9
Shields        | 4 5 6 8 9 11 12 13 | 13.9
Fighting       | 4 5 6 8 9 10 12 13 | 13.8
Maces & Flails | 3 4 5 7 8 9 11 12 | 12.6

Action                     |  1- 3 |  4- 6 |  7- 9 | 10-12 | 13-15 || total
---------------------------+-------+-------+-------+-------+-------++-------
  Melee: Flail             |   130 |   107 |       |       |       ||   237
         Whip              |       |    76 |   281 |   867 |   733 ||  1957
    Use: Scroll            |       |     1 |     6 |    15 |     2 ||    24
         Potion            |       |       |       |    11 |       ||    11
   Stab: Distracted        |       |       |       |     4 |     2 ||     6
         Petrified         |       |       |       |       |    23 ||    23
 Armour: Scale mail        |   166 |   142 |       |    21 |       ||   329
         Chain mail        |       |    19 |   121 |       |       ||   140
         Plate armour      |       |       |    59 |   351 |   359 ||   769
         Skin              |       |       |       |    10 |       ||    10
  Dodge: Dodged            |    80 |    75 |    52 |   131 |   196 ||   534
  Block: Buckler           |    33 |    46 |     4 |       |       ||    83
         Kite shield       |       |       |   165 |   586 |   563 ||  1314
         Reflection        |       |       |     5 |     6 |       ||    11

Table legend: (Time is in decaauts)
 A = Elapsed time spent in this place.
 B = Non-inter-level travel time spent in this place.
 C = Inter-level travel time spent in this place.
 D = Time resting spent in this place.
 E = Time spent auto-exploring this place.
 F = Levels seen in this place.
 G = Mean time per level.
                   A        B        C        D        E       F      G
               +--------+--------+--------+--------+--------+-----+--------+
         Total |  17132 |  16423 |    709 |   1518 |  11134 |  17 | 1007.8 |
       Dungeon |  10916 |  10405 |    511 |    691 |   7704 |  10 | 1091.6 |
        Temple |     44 |      2 |     42 |      0 |      0 |   1 |   44.0 |
          Lair |   5743 |   5588 |    155 |    602 |   3430 |   5 | 1148.6 |
       Volcano |    427 |    427 |      0 |    225 |      0 |   1 |  427.0 |
               +--------+--------+--------+--------+--------+-----+--------+

Top non-repeatable levels by time:
     D:9: 1795 daAuts
     D:8: 1643 daAuts
     D:3: 1497 daAuts
  Lair:3: 1464 daAuts
  Lair:1: 1364 daAuts
  Lair:2: 1122 daAuts
  Lair:4: 1087 daAuts
     D:4: 1057 daAuts
     D:7: 990 daAuts
     D:1: 954 daAuts
     D:2: 953 daAuts
     D:5: 923 daAuts
  Lair:5: 705 daAuts
     D:6: 590 daAuts
    D:10: 511 daAuts
